 Dungeon Crawl Stone Soup version 0.30-a0-364-gf6b3ef1049 (webtiles) character file.

Game seed: 3105853610448377936

92 Manisia the Magician (level 5, -1/39 HPs)
             Began as a Meteoran Wanderer on Nov 15, 2022.
             Slain by a hound (4 damage)
             ... on level 2 of the Dungeon.
             The game lasted 00:03:59 (804 turns).

Manisia the Magician (Meteoran Wanderer)             Turns: 804, Time: 00:04:00

Health: -1/39      AC:  2    Str: 14    XL:     5   Next: 14%
Magic:  6/13       EV: 11    Int: 18    God:
Gold:   93         SH:  0    Dex: 10    Spells: 8/14 levels left

rFire   . . .      SeeInvis .    a - +0 dagger
rCold   . . .      Faith    .    (no shield)
rNeg    . . .      Spirit   .    d - +0 robe
rPois   .          Reflect  .    (no helmet)
rElec   .          Harm     .    (no cloak)
rCorr   .          Rampage  .    (no gloves)
Will    .....                    (no boots)
Stlth   +.........               (no amulet)
HPRegen 0.26/turn                (no ring)
MPRegen 0.13/turn                (no ring)

@: glowing
A: sense surroundings 1, otherworldly, glowing, explore regen
a: no special abilities


You were on level 2 of the Dungeon.
You visited 1 branch of the dungeon, and saw 2 of its levels.

You collected 93 gold pieces.

Inventory:

Hand Weapons
 a - a +0 dagger (weapon)
Missiles
 b - 7 boomerangs
 i - 24 stones
Armour
 d - a +0 robe (worn)
Scrolls
 c - a scroll of fog
 e - a scroll of teleportation {unknown}
 g - a scroll of enchant armour {unknown}
 h - 2 scrolls of immolation {unknown}
 k - a scroll of vulnerability {unknown}
 m - 3 scrolls of identify {unknown}
Potions
 f - a potion of might {unknown}
 j - a potion of lignification {unknown}
 l - a potion of magic {unknown}


   Skills:
 + Level 0.6 Fighting
 + Level 3.9 Throwing
 + Level 0.9 Dodging
 + Level 0.1 Stealth
 - Level 5.0 Spellcasting
 + Level 4.5 Ice Magic
 + Level 1.2 Evocations


You had 8 spell levels left.
You knew the following spells:

 Your Spells              Type           Power      Damage    Failure   Level
a - Freeze                Ice            80%        1d9       1%          1
b - Frozen Ramparts       Ice            40%        1d7       6%          3
c - Ensorcelled Hibernat  Hex/Ice        24%        N/A       8%          2

Your spell library contained the following spells:

 Spells                   Type           Power      Damage    Failure   Level
 Apportation              Tloc           8%         N/A       13%         1
 Portal Projectile        Hex/Tloc       8%         N/A       36%         3


Dungeon Overview and Level Annotations

Branches:
Dungeon (2/15) Zot: 394

Altars:


Innate Abilities, Weirdness & Mutations

You passively map a small area around you.
You are easily found by Zot.
You glow in the dark.
You regain HP and MP as you explore.


Message History

The roots erupt in riotous growth!
The grasping roots grab you!
The hound barks!
The hound is unaffected.
Terence is unaffected.
The grasping roots constrict you. The hound bites you.
You hit the hound.
The hound is lightly wounded.
The hound bites you. Terence barely misses you.
The grasping roots constrict you.
You miss the hound.
The hound is lightly wounded.
The hound barely misses you. The kobold hits you with a +0 dagger.
The hound bites you.
* * * LOW HITPOINT WARNING * * *
Terence misses you. The grasping roots constrict you.
* * * LOW HITPOINT WARNING * * *
The grasping roots release their grip on you.
Aiming: Corrosive Bolt
Press: ? - help, Q - select action, (/) - cycle Shift-Dir - straight line, f - Terence, p - hound
Aim: Terence, wielding a +0 falchion, wearing a +0 scale mail and carrying a wand of roots (6) (heavily wounded, covered in acid, 75% to hit)
The bolt of acid hits Terence!
Terence seems to be corroded for longer.
You kill Terence!
The hound bites you.
* * * LOW HITPOINT WARNING * * *
The kobold barely misses you.
You have reached level 5!
The kobold hits you with a +0 dagger.
* * * LOW HITPOINT WARNING * * *
The hound bites you.
* * * LOW HITPOINT WARNING * * *
The kobold barely misses you. The hound completely misses you.
Aiming: Corrosive Bolt
Press: ? - help, Q - select action, (/) - cycle Shift-Dir - straight line The bolt of acid hits the hound!
The acid corrodes the hound!
The hound is severely wounded.
The now-empty wand crumbles to dust.
The hound bites you.
You die...

8#8..##................#
.......)...............#
#..#.##................#
#..# ##................#
#. .................##
...####.....##.....##
.....@.............#
.......###.).K.....#
....... ##..h@....#
....>..,, ########.#
....... , ###.## ......K
, #....# ......r #....#
......h #....# #....#
#....# , , , #....#


You could see a hound (corroded) and a kobold.

Vanquished Creatures
  Terence (D:2)
  An adder (D:2)
  A dart slug (D:1)
  3 orcs (D:2)
  8 ball pythons
  5 bats (D:1)
  A bat zombie (D:2)
  10 endoplasms
  A giant cockroach (D:1)
  A goblin (D:1)
  4 hobgoblins (D:1)
  3 quokkas
  A ball python skeleton (D:2)
  A frilled lizard (D:1)
  4 kobolds
  A quokka skeleton (D:2)
  5 rats
51 creatures vanquished.

Vanquished Creatures (others)
  4 withered plants (D:2)
4 creatures vanquished.

Grand Total: 55 creatures vanquished

Notes
Turn   | Place    | Note
-------+----------+-------------------------------------------
     0 | D:1      | Manisia the Meteoran Wanderer began the quest for the Orb.
     0 | D:1      | Manisia set off with the following items: a +0 dagger, 7
                  | boomerangs, a scroll of fog, a +0 robe; and the following
                  | spells available to memorise: Freeze, Ensorcelled
                  | Hibernation, Frozen Ramparts, Apportation, Portal
                  | Projectile.
     0 | D:1      | Reached XP level 1. HP: 14/14 MP: 6/6
     2 | D:1      | Learned a level 1 spell: Freeze
   110 | D:1      | Reached XP level 2. HP: 20/20 MP: 5/8
   223 | D:1      | Reached XP level 3. HP: 19/26 MP: 3/9
   358 | D:1      | Found a faded altar of an unknown god.
   499 | D:1      | Glimpsed the power of Zot.
   586 | D:2      | Reached XP level 4. HP: 31/33 MP: 9/11
   595 | D:2      | Reached skill level 5 in Spellcasting
   662 | D:2      | Learned a level 3 spell: Frozen Ramparts
   665 | D:2      | Learned a level 2 spell: Ensorcelled Hibernation
   786 | D:2      | Noticed Terence
   800 | D:2      | Killed Terence
   801 | D:2      | Reached XP level 5. HP: 3/39 MP: 6/13
   804 | D:2      | Slain by a hound

Illustrated notes

Levels and vault maps discovered:
D:1:      noname_arrival_rooms_in_the_neighbourhood, layout_rooms,
          hellmonk_ecumenical_altar_slurped_away
D:2:      layout_rooms, serial_undead, serial_undead_e, serial_undead_c,
          serial_undead_e, serial_undead_f, minmay_statues_item,
          minmay_quadrilaterals, uniq_terence

Skill      XL: |  1  2  3  4 |
---------------+-------------+-----
Spellcasting   | 5 |  5.0
Ice Magic      | 4 |  4.5
Fighting       | |  0.6
Throwing       | |  3.9
Dodging        | |  0.9
Stealth        | |  0.1
Evocations     | |  1.2

Action                   |  1- 3 |  4- 6 || total
-------------------------+-------+-------++-------
Melee: Dagger            |    18 |     5 ||    23
Throw: Boomerang         |     4 |       ||     4
 Cast: Freeze            |    47 |    25 ||    72
       Ensorcelled Hiber |       |     3 ||     3
Evoke: Wand              |       |     3 ||     3
Armor: Robe              |    25 |     4 ||    29
Dodge: Dodged            |    34 |    16 ||    50

Table legend: (Time is in decaauts)
 A = Elapsed time spent in this place.
 B = Non-inter-level travel time spent in this place.
 C = Inter-level travel time spent in this place.
 D = Time resting spent in this place.
 E = Time spent auto-exploring this place.
 F = Levels seen in this place.
 G = Mean time per level.
                   A        B        C        D        E       F      G
               +--------+--------+--------+--------+--------+-----+--------+
         Total |    804 |    782 |     22 |      0 |    454 |   2 |  402.0 |
       Dungeon |    804 |    782 |     22 |      0 |    454 |   2 |  402.0 |
               +--------+--------+--------+--------+--------+-----+--------+

Top non-repeatable levels by time:
     D:1: 511 daAuts
     D:2: 292 daAuts
